 Dungeon Crawl Stone Soup version 0.20.1-1-g8b1a95d (webtiles) character file.

73 pomescollege the Poker (level 4, 0/33 HPs)
             Began as a Merfolk Skald on Dec 28, 2017.
             Killed by nerve-wracking pain
             ... invoked by Grinder
              (14 damage)
             ... on level 3 of the Dungeon.
             The game lasted 00:05:27 (1873 turns).

pomescollege the Poker (Merfolk Skald)              Turns: 1873, Time: 00:05:28

Health: 0/33       AC:  4    Str: 11    XL:     4   Next: 27%
Magic:  5/7        EV: 11    Int: 12    God:
Gold:   127        SH:  3    Dex: 14    Spells: 1/7 levels left

rFire    . . .     SeeInvis .   l - +0 trident
rCold    . . .     Gourm    .   n - +0 buckler
rNeg     . . .     Faith    .   b - +0 leather armour
rPois    .         Spirit   .   (no helmet)
rElec    .         Reflect  .   (no cloak)
rCorr    .         Harm     .   (no gloves)
MR       .....                  m - +0 pair of boots
Stlth    +.........             (no amulet)
Regen    0.2/turn               (no ring)
MPRegen  0.1/turn               (no ring)

@: infused
A: change form in water, swift swim, stealthy swim
a: no special abilities


You were on level 3 of the Dungeon.
You were hungry.

You visited 1 branch of the dungeon, and saw 3 of its levels.

You collected 127 gold pieces.

Inventory:

Hand Weapons
 a - a +0 spear
 l - a +0 trident (weapon)
Armour
 b - a +0 leather armour (worn)
 m - a +0 pair of boots (worn)
 n - a +0 buckler (worn)
Scrolls
 e - a scroll of immolation {unknown}
 g - 3 scrolls of fog {unknown}
 i - 2 scrolls of teleportation
 j - a scroll of amnesia {unknown}
 k - 2 scrolls of enchant weapon
Potions
 f - a potion of brilliance
 h - a potion of flight
Books
 c - a book of Battle

   Spells                             Type                      Level
   a - Infusion                       Charms                       1
   b - Shroud of Golubria             Charms/Translocation         2
   c - Song of Slaying                Charms                       2
   d - Spectral Weapon                Hexes/Charms                 3
   e - Regeneration                   Charms/Necromancy            3
Comestibles
 d - a bread ration


   Skills:
 - Level 2.1 Fighting
 * Level 5.5 Polearms
 - Level 0.6 Armour
 - Level 2.6 Dodging
 - Level 2.0 Spellcasting
 - Level 4.1 Charms


You had one spell level left.
You knew the following spells:

 Your Spells              Type           Power        Failure   Level  Hunger
a - Infusion              Chrm           ##..         11%         1    ##.....
b - Song of Slaying       Chrm           ##......     17%         2    ###....
c - Spectral Weapon       Hex/Chrm       #.......     61%         3    ####...


Dungeon Overview and Level Annotations

Branches:
Dungeon (3/15)

Altars:
Ashenzari
Elyvilon
Sif Muna
Xom

Annotations:
D:3 Grinder; clownbabyjr's ghost, amateur DsFi


Message History

A worm comes into view.
A worm is nearby!
Casting: Infusion
Confirm with . or Enter, or press ? or * to list all spells.
You begin infusing your attacks with magical energy.
Grinder comes into view.
Grinder shouts!
Grinder blinks!
There is an open door here.
Grinder gestures at you.
You barely resist. You hit the worm.
The worm is lightly wounded.
Grinder says, "You look like you could use a good racking."
Grinder gestures at you. Pain shoots through your body! The worm bites you!
Grinder says, "Wait up."
Grinder gestures at you. Pain shoots through your body!
You die...

#.# #.# #.# ##+# #.#
##...# #.#### ##.....##
#....# #.......## ##.##.#
.........####...#.########
......5..@................
.........####...#.###.####
#.....w.## ##(##.# #.#
##.....## #....# #.#
##...# #.#### #.# ##+# #.#
#.# #.######.# #....(...#
#.########


You could see Grinder and a worm.

Vanquished Creatures
  3 adders (D:2)
  An ooze (D:3)
  A worm (D:2)
  A dart slug (D:2)
  3 leopard geckos
  3 bats
  2 giant cockroaches
  3 goblins
  7 hobgoblins
  3 frilled lizards
  2 kobolds
  6 rats
35 creatures vanquished.

Notes
Turn   | Place    | Note
-------+----------+-------------------------------------------
     0 | D:1      | pomescollege the Merfolk Skald began the quest for the Orb.
     0 | D:1      | Reached XP level 1. HP: 16/16 MP: 3/3
   274 | D:1      | Reached XP level 2. HP: 22/22 MP: 0/5
   702 | D:1      | Reached skill level 4 in Polearms
   706 | D:1      | Learned a level 2 spell: Song of Slaying
   901 | D:2      | Reached XP level 3. HP: 19/27 MP: 1/6
   940 | D:2      | Found a deep blue altar of Sif Muna.
   942 | D:2      | Found a shimmering altar of Xom.
   944 | D:2      | Found a white marble altar of Elyvilon.
  1174 | D:2      | Found a shattered altar of Ashenzari.
  1270 | D:2      | Reached skill level 5 in Polearms
  1337 | D:2      | Reached XP level 4. HP: 26/33 MP: 2/7
  1736 | D:3      | Noticed clownbabyjr's ghost (amateur DsFi)
  1755 | D:2      | Learned a level 3 spell: Spectral Weapon
  1868 | D:3      | Noticed Grinder
  1873 | D:3      | Killed from afar by Grinder

Skill      XL: |  1  2  3 |
---------------+----------+-----
Polearms       | 4 5 |  5.5
Charms         | 4 |  4.1
Fighting       | |  2.1
Armour         | |  0.6
Dodging        | |  2.6
Spellcasting   | |  2.0

Action                   |  1- 3 |  4- 6 || total
-------------------------+-------+-------++-------
Melee: Spear             |    89 |    19 ||   108
       Trident           |       |     1 ||     1
 Cast: Infusion          |    13 |     7 ||    20
  Use: Scroll            |       |     5 ||     5
 Stab: Sleeping          |     1 |     1 ||     2
  Eat: Chunk             |     2 |     1 ||     3
Armor: Leather armour    |    12 |     3 ||    15
Dodge: Dodged            |    39 |     4 ||    43
Block: Buckler           |     2 |       ||     2
